 Dungeon Crawl Stone Soup version 0.32-a0-540-g866d13106e (webtiles) character file.

Game seed: 6906226406475479238

221 cforsyth the Grave Robber (level 5, 0/46 HPs)
             Began as a Mountain Dwarf Necromancer on Feb 29, 2024.
             Slain by Grinder (1 damage)
             ... on level 3 of the Dungeon.
             The game lasted 00:05:38 (3437 turns).

cforsyth the Grave Robber (MDNe)                    Turns: 3437, Time: 00:05:38

Health: 0/46       AC:  8    Str: 12    XL:     5   Next: 65%
Magic:  7/7        EV:  6    Int: 16    God:
Gold:   125        SH:  0    Dex: 10    Spells: 6/7 levels left

rFire   + . .        a - +1 trident
rCold   + . .        (no shield)
rNeg    . . .        i - +0 chain mail
rPois   +            (no helmet)
rElec   +            (no cloak)
rCorr   +            (no gloves)
SInv    .            (no boots)
Will    .....        (no amulet) Stlth
                     (no ring)
HPRegen 0.27/turn    (no ring)
MPRegen 0.10/turn

%: no passive effects
@: resistant, invisible (expiring)
A: runic magic, artefact enchanting, subdued magic 1
a: no special abilities


You were on level 3 of the Dungeon.
You visited 1 branch of the dungeon, and saw 3 of its levels.
You also visited: Sewer.

You collected 125 gold pieces.


Innate Abilities, Weirdness & Mutations

Your spellcasting is much less encumbered by armour.
You can use scrolls of enchantment on lesser artefacts.
Your spells are a little easier to cast, but a little less powerful.


   Skills:
 + Level 4.1 Fighting
 - Level 1.3 Dodging
 - Level 1.4 Stealth
 - Level 1.7 Spellcasting
 + Level 6.2 Necromancy


You had 6 spell levels left.
You knew the following spells:

 Your Spells              Type           Power      Damage    Failure   Level
X - Necrotise             Necr           64%        1d7       2%          1

Your spell library contained the following spells:

 Spells                   Type           Power      Damage    Failure   Level
 Vampiric Draining        Necr           16%        2d7       9%          3
 Animate Dead             Necr           16%        N/A       32%         4
 Scorch                   Fire           2%         2d5       54%         2
 Curse of Agony           Necr           16%        N/A       67%         5
 Flame Wave               Conj/Fire      1%         2d4       99%         4
 Summon Cactus Giant      Summ           0%         N/A       100%        6

Inventory:

Hand Weapons
 a - a +1 trident (weapon)
 q - a +2 dagger of electrocution
Missiles
 e - 11 poisoned darts
Armour
 f - a +0 robe
 i - a +0 chain mail (worn)
 s - a +0 helmet
Jewellery
 S - a +6 ring of strength
Scrolls
 c - a scroll of enchant weapon
 d - a scroll of identify {@r1}
 o - a scroll of fear {unknown}
 p - 2 scrolls of blinking {unknown}
 r - a scroll of amnesia {unknown}
 t - a scroll of revelation {unknown}
Potions
 b - a potion of magic
 g - a potion of heal wounds {@q2}
 h - 4 potions of curing {@q1}
 j - a potion of haste {@q3}

Dungeon Overview and Level Annotations

Branches:
Dungeon (3/15)              Sewer (visited)

Altars:

Annotations:
D:3 Grinder

##.......~~~.~~~...#
..#
#.###.#..~~~~~~~~.##
.## #.#
#.#.#~~~~~~~#.# .
#.###.#...~~~~~...###
##...###..#~.~#.....#
##.## ##.........#.
#)#####.........#.#
#.......#####5#.#
######### #@# ..
#.###.# #†....#
#.##### #.#
#...........
#...........
#..▒▒▒...▒▒▒ #.. ...▒


You could see Grinder (unable to see you).


Message History

* * * LOW HITPOINT WARNING * * *
Grinder gestures at you. Pain shoots through your body!
* * * LOW HITPOINT WARNING * * *
Unknown command.
You feel much better.
Grinder says, "Just stop there for a second..."
Grinder gestures at you. Pain shoots through your body!
* * * LOW HITPOINT WARNING * * *
You closely miss Grinder.
Grinder is severely wounded.
Grinder gestures at you.
You struggle to resist.
You hit Grinder.
Grinder is severely wounded.
Grinder gestures at you. Pain shoots through your body!
* * * LOW HITPOINT WARNING * * *
You hit Grinder.
Grinder is almost dead.
Grinder gestures at you. Pain shoots through your body!
* * * LOW HITPOINT WARNING * * *
You barely miss Grinder.
Grinder is almost dead.
You flicker for a moment.
Grinder hits you but does no damage. Grinder hits you.
You die...
Grinder says, "Now the real fun starts!"

Skill      XL: |  1  2  3  4  5 |
---------------+----------------+-----
Fighting       | 1 2 3 4 |  4.1
Necromancy     | 5 6 |  6.2
Dodging        | |  1.3
Stealth        | |  1.4
Spellcasting   | |  1.7

Action                     |  1- 3 |  4- 6 || total
---------------------------+-------+-------++-------
  Melee: Spear             |    31 |       ||    31
         Unarmed           |     1 |       ||     1
         Trident           |    19 |   164 ||   183
   Cast: Necrotise         |    61 |    13 ||    74
    Use: Scroll            |     6 |       ||     6
         Potion            |       |     5 ||     5
   Stab: Sleeping          |     1 |       ||     1
 Armour: Robe              |     7 |       ||     7
         Chain mail        |    48 |   177 ||   225
  Dodge: Dodged            |    28 |    59 ||    87

Levels and vault maps discovered:
D:1:      tekkud_arrival_beachfront_property, layout_basic,
          shapermc_ecumenical_altar_starsandcircs
D:2:      layout_loops_ring
D:3:      layout_loops_corners, cheibrodos_sewer_entry_drain,
          minmay_misc_feat_rows, kennysheep_boxes, uniq_crazy_yiuf_cottage,
          uniq_robin, uniq_grinder

Notes
Turn   | Place    | Note
-------+----------+-------------------------------------------
     0 | D:1      | cforsyth the Mountain Dwarf Necromancer began the quest for
                  | the Orb.
     0 | D:1      | Reached XP level 1. HP: 14/14 MP: 3/3
    89 | D:1      | Found a faded altar of an unknown god.
   236 | D:1      | Reached skill level 1 in Fighting
   305 | D:1      | Reached XP level 2. HP: 23/23 MP: 0/4
  1054 | D:2      | Reached skill level 2 in Fighting
  1054 | D:2      | Reached skill level 5 in Necromancy
  1054 | D:2      | Reached XP level 3. HP: 25/29 MP: 2/5
  1909 | D:3      | Found a glowing drain.
  1947 | D:3      | Noticed Grinder
  1952 | Sewer    | Entered a sewer
  1964 | Sewer    | Reached XP level 4. HP: 37/37 MP: 6/6
  2255 | Sewer    | Noticed a kobold brigand
  2276 | Sewer    | Killed a kobold brigand
  2277 | Sewer    | Reached skill level 3 in Fighting
  2277 | Sewer    | Reached XP level 5. HP: 16/45 MP: 7/7
  2479 | Sewer    | Reached skill level 6 in Necromancy
  2782 | D:3      | Paralysed by Grinder for 4 turns
  2790 | D:3      | Paralysed by Grinder for 3 turns
  2965 | D:3      | Noticed Robin
  2987 | D:2      | Reached skill level 4 in Fighting
  3071 | D:3      | Killed Robin
  3411 | D:3      | Identified a potion of resistance
  3412 | D:3      | Gained mutation: Your spells are a little easier to cast,
                  | but a little less powerful. [potion of mutation]
  3415 | D:3      | Paralysed by Grinder for 4 turns
  3432 | D:3      | HP: 3/46 [Grinder/nerve-wracking pain (10)]
  3436 | D:3      | HP: 1/46 [Grinder/nerve-wracking pain (11)]
  3437 | D:3      | Slain by Grinder

Vanquished Creatures
  A kobold brigand (Sewer)
  Robin (D:3)
  5 adders
  2 river rats (Sewer)
  A dart slug (D:2)
  6 bats
  4 endoplasms
  4 giant cockroaches
  12 goblins
  8 hobgoblins
  2 quokkas
  7 ball pythons
  5 frilled lizards
  11 kobolds
  8 rats
77 creatures vanquished.

Vanquished Creatures (collateral kills)
  An endoplasm (Sewer)
  A rat (D:1)
2 creatures vanquished.

Grand Total: 79 creatures vanquished

Table legend: (Time is in decaauts)
 A = Elapsed time spent in this place.
 B = Non-inter-level travel time spent in this place.
 C = Inter-level travel time spent in this place.
 D = Time resting spent in this place.
 E = Time spent auto-exploring this place.
 F = Levels seen in this place.
 G = Mean time per level.
                   A        B        C        D        E       F      G
               +--------+--------+--------+--------+--------+-----+--------+
         Total |   3575 |   3467 |    108 |    513 |   2112 |   4 |  893.8 |
       Dungeon |   2652 |   2544 |    108 |    158 |   1850 |   3 |  884.0 |
         Sewer |    923 |    923 |      0 |    355 |    262 |   1 |  923.0 |
               +--------+--------+--------+--------+--------+-----+--------+

Top non-repeatable levels by time:
     D:2: 1281 daAuts
   Sewer: 923 daAuts
     D:1: 812 daAuts
     D:3: 558 daAuts

Table legend:
 A = Non-vault XP
 B = Vault XP
 C = Vault XP percentage of total XP
 D = Non-vault monster count
 E = Vault monster count
 F = Vault count percentage of total count
                 A         B        C        D         E       F
            +---------+---------+-------+---------+---------+-------
      Total |     101 |     216 |  68.1 |      48 |      31 |  39.2
            +---------+---------+-------+---------+---------+-------
        D:1 |      18 |       0 |   0.0 |      13 |       0 |   0.0
        D:2 |      66 |      11 |  14.3 |      26 |       6 |  18.8
        D:3 |      17 |      27 |  61.4 |       9 |       8 |  47.1
      Sewer |       0 |     178 | 100.0 |       0 |      17 | 100.0
            +---------+---------+-------+---------+---------+-------
